AoeStats
← 只会打步弓

Arabia

507512568Analyzed
1v1 RM · 15d ago on Sep 18, 2026· 26m 43s· 2 players
Game mode
Random Map
Map size
Tiny (2 player)
Population
200
Speed
Normal
Resources
Standard
Victory
Conquest
Starting age
Dark Age
Ending age
Imperial Age
RankedLock teamsTeams togetherTeam positionsShared explorationLock speedFull tech treeHidden civsTurbo modeCheats
Victory
Defeat
🇬🇧 Chinese · United Kingdom
1836
+16
🇨🇳 Mapuche · China
1840
-16
MattAtArms
0:25 Loom
9:07 Feudal Age
9:28 Man-at-Arms
10:08 Double-Bit Axe
13:25 Fletching
19:28 Castle Age
18:05 Padded Archer Armor
17:57 Gold Mining
18:36 Horse Collar
19:29 Crossbowman
20:06 Bodkin Arrow
20:54 Bow Saw
21:07 Town Watch
22:01 Wheelbarrow
22:18 Ballistics
22:55 Scale Barding Armor
26:19 Chain Barding Armor
只会打步弓
6:16 Loom
8:57 Feudal Age
9:47 Double-Bit Axe
10:20 Champi Runner
12:09 Horse Collar
15:45 Fletching
20:44 Castle Age
19:29 Padded Archer Armor
19:21 Gold Mining
21:20 Elite Skirmisher
22:08 Bodkin Arrow
25:23 Bow Saw
Connection lost

Rejoining the realm…

Still unreachable

The connection could not be restored.

Session expired

The server has moved on; the page needs a fresh start.